 Dungeon Crawl Stone Soup version 0.29.1-15-g9cfb28693d (webtiles) character file.

Game seed: 9020373456039691922

441 ces the Chopper (level 7, -2/91 HPs)
             Began as a Hill Orc Berserker on Mar 15, 2023.
             Was a Believer of Trog.
             Slain by Duvessa
             ... wielding a +0 short sword
              (5 damage)
             ... on level 4 of the Dungeon.
             The game lasted 00:05:46 (4596 turns).

ces the Chopper (Hill Orc Berserker)                Turns: 4596, Time: 00:05:46

Health: -2/91      AC:  2    Str: 22    XL:     7   Next: 2%
Magic:  7/7        EV: 12    Int:  7    God:    Trog [**....]
Gold:   146        SH:  0    Dex: 10    Spells: 6/6 levels left

rFire   . . .      SeeInvis .   a - +0 hand axe
rCold   . . .      Faith    .   (no shield)
rNeg    . . .      Spirit   .   b - +0 animal skin
rPois   .          Reflect  .   (no helmet)
rElec   .          Harm     .   (no cloak)
rCorr   .          Rampage  .   (no gloves)
Will    ++...                   (no boots)
Stlth   ..........              (no amulet)
HPRegen 1.25/turn               (no ring)
MPRegen 0.10/turn               (no ring)

@: berserking, strong-willed, regenerating, very quick
A: no striking features
a: Renounce Religion, Berserk, Trog's Hand


You were on level 4 of the Dungeon.
You worshipped Trog.
Trog was pleased with you.
You visited 1 branch of the dungeon, and saw 4 of its levels.

You collected 146 gold pieces.

Inventory:

Hand Weapons
 a - a +0 hand axe (weapon)
Armour
 b - a +0 animal skin (worn)
Scrolls
 c - 3 scrolls of identify {unknown}
 e - 3 scrolls of fog {unknown}
 i - a scroll of immolation {unknown}
 j - a scroll of magic mapping {unknown}
 l - 2 scrolls of noise {unknown}
 n - 4 scrolls of enchant armour {unknown}
 q - a scroll of enchant weapon {unknown}
 r - a scroll of vulnerability {unknown}
 s - 2 scrolls of teleportation {unknown}
Potions
 d - a potion of berserk rage {unknown}
 f - a potion of attraction
 h - 2 potions of curing
 k - a potion of brilliance {unknown}
 m - a potion of cancellation {unknown}
 o - 2 potions of heal wounds
 p - a potion of lignification
 t - a potion of invisibility {unknown}


   Skills:
 + Level 5.5 Fighting
 + Level 6.0 Axes
 + Level 4.3 Armour
 + Level 3.3 Dodging


You had 6 spell levels left.
You didn't know any spells.
Your spell library was empty.

Dungeon Overview and Level Annotations

Branches:
Dungeon (4/15)
 Temple: D:4-7

Altars:

Shops:
D:3 ?

Annotations:
D:4 Duvessa


Message History

Dowan blinks!
Dowan gestures at you while chanting. You resist with some effort.
You closely miss Dowan.
Dowan is severely wounded.
Dowan misses you.
You hit Dowan.
Dowan is severely wounded.
Dowan hits you with a +0 dagger.
You slash Dowan!
You kill Dowan!
Trog accepts your kill.
Trog appreciates your killing of a magic user.
You hear a distant scream of rage.
Your Axes skill increases to level 6!
You have reached level 7!
Duvessa, Sister of Dowan comes into view.
She is wielding a +0 short sword.
A steam dragon comes into view.
There are monsters nearby!
There are monsters nearby!
There are monsters nearby!
Duvessa goes berserk!
Duvessa hits you with a +0 short sword.
The steam dragon hisses angrily.
You slash Duvessa!
Duvessa is lightly wounded.
Duvessa hits you with a +0 short sword! Duvessa hits you with a +0 short sword.
You completely miss Duvessa.
Duvessa is lightly wounded.
Duvessa hits you with a +0 short sword!
Your skin crawls.
You feel strong-willed. Duvessa hits you with a +0 short sword!
* * * LOW HITPOINT WARNING * * *
Duvessa hits you with a +0 short sword!
* * * LOW HITPOINT WARNING * * *
A red film seems to cover your vision as you go berserk!
You feel yourself moving faster!
You feel mighty! Duvessa hits you with a +0 short sword.
You die...

......## ......#.##.##.#..##...
.......# #####.......#.#..###..
..###..# ...........####.
.......# ......#.#..##.##
.####..# ...............#
.####..# ................
.......# ##....... ....#..#
.......###### ##e....... ##..#...
.####....#..###.@.$.##.#.##..#...
#.......#..........#.........
###..#.......................
......††.#..#.#.)................
.#.......#......D................
#................|#.#.#..##.#..#
#......##..#......#.#!#.. ###..#
............#.#...## # #.. #..#
..####..###......... . ....


You could see Duvessa (berserk) and a steam dragon.

Vanquished Creatures
  Sigmund (D:3)
  Dowan (D:4)
  A hound (D:4)
  Natasha (twice) (D:2)
  3 gnolls (D:4)
  3 adders
  A shadow imp (D:4)
  A worm (D:3)
  2 dart slugs
  5 orcs
  3 endoplasms (D:2)
  13 giant cockroaches
  5 goblins
  5 hobgoblins
  4 jackals (D:4)
  6 kobolds
  A quokka (D:1)
  6 ball pythons
  5 bats (D:1)
  A frilled lizard (D:2)
  6 rats
75 creatures vanquished.

Notes
Turn   | Place    | Note
-------+----------+-------------------------------------------
     0 | D:1      | ces the Hill Orc Berserker began the quest for the Orb.
     0 | D:1      | Reached XP level 1. HP: 19/19 MP: 1/1
   138 | D:1      | Reached XP level 2. HP: 27/27 MP: 2/2
  1054 | D:1      | Found a faded altar of an unknown god.
  1092 | D:1      | Reached XP level 3. HP: 24/33 MP: 3/3
  2147 | D:2      | Noticed Natasha
  2156 | D:2      | Killed Natasha
  2157 | D:2      | Reached XP level 4. HP: 24/41 MP: 4/4
  2623 | D:2      | Reached ** piety under Trog
  2653 | D:2      | Noticed Natasha
  2664 | D:2      | Killed Natasha
  3277 | D:3      | Noticed Sigmund
  3284 | D:3      | Killed Sigmund
  3285 | D:3      | Reached skill level 5 in Fighting
  3285 | D:3      | Reached skill level 5 in Axes
  3285 | D:3      | Reached XP level 5. HP: 48/48 MP: 5/5
  3285 | D:3      | Reached XP level 6. HP: 56/56 MP: 6/6
  3363 | D:3      | Found Bicogiph's Magic Scroll Shop.
  4577 | D:4      | Noticed Dowan
  4588 | D:4      | Killed Dowan
  4589 | D:4      | Reached skill level 6 in Axes
  4589 | D:4      | Reached XP level 7. HP: 54/61 MP: 7/7
  4590 | D:4      | Noticed Duvessa
  4590 | D:4      | Noticed a steam dragon
  4595 | D:4      | HP: 1/61 [Duvessa/+0 short sword (9)]
  4596 | D:4      | Slain by Duvessa

Illustrated notes

Levels and vault maps discovered:
D:1:      dpeg_arrival_morbid_curiosity, layout_basic,
          chequers_ecumenical_altar_simple_redux
D:2:      layout_basic, kennysheep_doodads, uniq_natasha
D:3:      minmay_roachtagon, layout_basic, serial_shops, shop, uniq_sigmund
D:4:      layout_basic, led_sif_book, uniq_duvessa

Skill      XL: |  1  2  3  4  5  6 |
---------------+-------------------+-----
Fighting       | 4 5 |  5.5
Dodging        | 2 3 |  3.3
Armour         | 3 4 |  4.3
Axes           | 5 6 |  6.0

Action                   |  1- 3 |  4- 6 |  7- 9 || total
-------------------------+-------+-------+-------++-------
Melee: Hand axe          |    97 |   141 |     2 ||   240
       Punch             |     1 |     2 |       ||     3
Invok: Berserk           |     1 |     3 |     1 ||     5
       Trog's Hand       |       |     1 |     1 ||     2
  Use: Potion            |       |     5 |       ||     5
Armor: Animal skin       |    17 |    22 |       ||    39
       Skin              |       |    12 |       ||    12
Dodge: Dodged            |    76 |    79 |       ||   155
